 Dungeon Crawl Stone Soup version 0.30-a0-739-gea05faddec (webtiles) character file.

Game seed: 14404761672832825304

22618 Leeroy the Carver (level 13, 0/67 HPs)
             Began as a Vine Stalker Warper on Feb 4, 2023.
             Was an Elder of Wu Jian.
             Slain by a merfolk
             ... wielding a +0 trident
              (15 damage)
             ... on level 2 of the Lair of Beasts.
             The game lasted 00:37:30 (13692 turns).

Leeroy the Carver (Vine Stalker Warper)            Turns: 13692, Time: 00:37:30

Health: 0/67       AC:  6    Str: 11    XL:     13   Next: 1%
Magic:  0/29       EV: 21    Int: 13    God:    Wu Jian [****..]
Gold:   866        SH:  0    Dex: 28    Spells: 21/35 levels left

rFire   . . .      SeeInvis .    B - +5 great sword
rCold   + . .      Faith    .    (shield currently unavailable)
rNeg    . . .      Spirit   +    n - +0 troll leather armour
rPois   .          Reflect  .    I - +0 helmet
rElec   .          Harm     .    (no cloak)
rCorr   .          Rampage  .    (no gloves)
Will    +....                    N - +0 pair of boots
Stlth   ++                       R - amulet of regeneration
HPRegen 2.71/turn                g - +5 ring of evasion
MPRegen 0.21/turn                E - ring "Qomanwenn" {Fly Dex+8}

@: exhausted, flying, mesmerised
A: fangs 3, regeneration 1, magic shield, antimagic bite, no potion heal 2,
hooves 1, cold resistance 1, weak 1
a: Renounce Religion, Wall Jump, Serpent's Lash


You were on level 2 of the Lair of Beasts.
You worshipped Wu Jian.
Wu Jian was greatly pleased with you.
You visited 3 branches of the dungeon, and saw 17 of its levels.

You collected 1189 gold pieces.
You spent 323 gold pieces at shops.

Inventory:

Hand Weapons
 a - the +4 hand axe of Ointment {speed, Int+5 Dex-5 SInv}
   (You found it on level 9 of the Dungeon)

   Int:       It affects your intelligence (+5).
   Dex:       It affects your dexterity (-5).
   SInv:      It lets you see invisible.
 B - a +5 great sword (weapon)
 M - the +6 shillelagh "Devastator" {shatter}
   (You found it on level 6 of the Dungeon)
 Q - the +1 long sword of the Salmon {elec, rPois rF+ rN+ Will+}
   (You bought it in a shop on level 13 of the Dungeon)

   rF:        It protects you from fire.
   rPois:     It protects you from poison.
   rN:        It protects you from negative energy.
   Will:      It increases your willpower.
 S - a +3 heavy long sword
 X - a +3 scimitar
Missiles
 d - 14 boomerangs of dispersal
 y - 18 poisoned darts
 z - 2 throwing nets
Armour
 b - +0 acid dragon scales
 f - the +1 scale mail of the Gate {Regen+ Int-2 Dex+4}
   (You found it on level 12 of the Dungeon)

   Int:       It affects your intelligence (-2).
   Dex:       It affects your dexterity (+4).
   Regen:     It increases your rate of health regeneration.
 n - a +0 troll leather armour (worn)
 x - the +5 leather armour of the Evening Star {rElec}
   (You found it on level 11 of the Dungeon)

   rElec:     It insulates you from electricity.
 I - a +0 helmet (worn)
 N - a +0 pair of boots (worn)
Jewellery
 g - a +5 ring of evasion (left hand)
 r - an amulet of reflection
 E - the ring "Qomanwenn" (right hand) {Fly Dex+8}
   (You found it on level 5 of the Dungeon)

   [ring of flight]

   Dex:       It affects your dexterity (+8).
   Fly:       It grants you flight.
 K - a ring of protection from cold
 R - an amulet of regeneration (around neck)
 W - a ring of resist corrosion
Wands
 l - a wand of flame (13) (quivered)
 G - a wand of paralysis (26)
 H - a wand of digging (6)
 J - a wand of quicksilver (14)
 O - a wand of polymorph (25)
 V - a wand of roots (10)
Scrolls
 c - a scroll of blinking
 h - 5 scrolls of teleportation
 j - 5 scrolls of noise
 k - a scroll of poison
 p - 5 scrolls of vulnerability
 s - a scroll of summoning
 t - 4 scrolls of fear
 u - 2 scrolls of enchant weapon {unknown}
 w - 3 scrolls of magic mapping
 A - 2 scrolls of silence
 T - a scroll of enchant armour {unknown}
 U - a scroll of torment {unknown}
 Y - 2 scrolls of immolation {unknown}
 Z - 2 scrolls of fog {unknown}
Potions
 e - a potion of ambrosia {unknown}
 i - 3 potions of resistance
 m - 4 potions of mutation
 o - a potion of cancellation {unknown}
 q - 4 potions of attraction {unknown}
 v - 6 potions of curing
 C - 2 potions of berserk rage {unknown}
 D - 3 potions of degeneration {unknown}
 F - 2 potions of flight {unknown}
 L - 2 potions of heal wounds {unknown}
 P - 4 potions of haste


   Skills:
 - Level 7.2 Fighting
 - Level 12.4 Long Blades
 - Level 1.2(1.4) Axes
 - Level 1.1(1.8) Polearms
 - Level 1.3(1.6) Staves
 - Level 1.1 Ranged Weapons
 - Level 0.8 Throwing
 - Level 3.5 Armour
 - Level 5.4 Dodging
 + Level 11.5 Spellcasting
 - Level 1.3 Conjurations
 - Level 1.4 Hexes
 - Level 1.4 Summonings
 - Level 1.2 Necromancy
 - Level 3.0 Translocations
 - Level 1.2 Transmutations
 - Level 1.3 Fire Magic
 - Level 1.2 Ice Magic
 - Level 1.2 Earth Magic
 - Level 1.4 Poison Magic
 - Level 1.2 Invocations


You had 21 spell levels left.
You knew the following spells:

 Your Spells              Type           Power      Damage    Failure   Level
a - Blink                 Tloc           30%        N/A       5%          2
b - Vhi's Electric Charg  Tloc/Air       22%        N/A       21%         3
c - Manifold Assault      Tloc           15%        N/A       34%         4
d - Wereblood             Tmut           10%        N/A       11%         2
e - Swiftness             Air            7%         N/A       36%         3

Your spell library contained the following spells:

 Spells                   Type           Power      Damage    Failure   Level
 Apportation              Tloc           30%        N/A       3%          1
 Lesser Beckoning         Tloc           30%        N/A       5%          2
 Necrotise                Necr           40%        1d6       7%          1
 Summon Small Mammal      Summ           44%        N/A       7%          1
 Freeze                   Ice            40%        1d6       8%          1
 Ensorcelled Hibernation  Hex/Ice        22%        N/A       11%         2
 Passwall                 Tmut/Erth      8%         N/A       11%         2
 Sublimation of Blood     Necr           10%        N/A       11%         2
 Teleport Other           Tloc           15%        N/A       11%         3
 Call Canine Familiar     Summ           11%        N/A       21%         3
 Summon Guardian Golem    Hex/Summ       11%        N/A       21%         3
 Frozen Ramparts          Ice            20%        1d4       22%         3
 Hailstorm                Conj/Ice       10%        3d5       22%         3
 Vampiric Draining        Necr           10%        2d6       22%         3
 Ice Form                 Ice/Tmut       10%        N/A       56%         4
 Summon Ice Beast         Ice/Summ       11%        N/A       56%         4
 Agony                    Necr           10%        N/A       89%         5
 Alistair's Intoxication  Tmut/Pois      7%         N/A       89%         5
 Summon Hydra             Summ           5%         N/A       100%        7


Dungeon Overview and Level Annotations

Branches:
Dungeon (14/15)            Temple (1/1) D:7            Lair (2/5) D:11
 Shoals (0/4) Lair:2          Orc (0/2) D:11
  Snake: Lair:2-3    Spider: Lair:2-3    Vaults: D:13-14

Altars:
Ashenzari
Cheibriados
Dithmenos
Elyvilon
Fedhas
Gozag
Hepliaklqana
Kikubaaqudgha
Makhleb
Nemelex Xobeh
Okawaru
Qazlal
Ru
Sif Muna
Trog
Uskayaw
Vehumet
Wu Jian
Xom
Yredelemnul
Zin
The Shining One

Shops:
D:4 [   D:5 *   D:7 (   D:13 *

Annotations:
D:11 3 runed translucent doors, SirDiesAlot's ghost, journeyman DsFE
D:12 1 runed translucent door, Deirea's ghost, journeyman HOFE
D:13 3 runed translucent doors, Ullur's ghost, journeyman DsGl
Lair:1 3 runed translucent doors, Vohupaw's ghost, journeyman DrAE


Innate Abilities, Weirdness & Mutations

You have razor-sharp teeth.
Your natural rate of healing is unusually fast.
When hurt, damage is shared between your health and your magic reserves.
Your bite disrupts and absorbs the magic of your enemies.
Potions cannot restore your health.
You have large cloven feet.
Your flesh is cold resistant. (rC+)
You are weak. (Str -2)


Message History

Blink to where?
Press: ? - help, Dir - move target, f - you
Okay, then.
Okay, then.
Okay, then.
Okay, then.
Your muscles tense, ready for explosive movement...
Aiming: Wall Jump
Press: ? - help, Dir - move target You repeatedly attack the merfolk from above, with incredible momentum.
You slice the merfolk!!
You blow up the merfolk!
The Council accepts your kill.
You hear a splash. x2
Your supernatural speed expires.
As you read the scroll of summoning, it crumbles to dust.
Wisps of shadow whirl around you...
The merfolk throws a boomerang.
The boomerang completely misses you.
The merfolk siren chants its luring song.
Aiming: Paralyse
Press: ? - help, Shift-Dir - straight line, f - merfolk
Aim: a merfolk, wielding a +0 trident and quivering boomerangs (ally target, chance to affect: 31%)
Okay, then.
Aiming: Fastroot
Press: ? - help, Shift-Dir - straight line, f - merfolk
Aim: a merfolk, wielding a +0 trident and quivering boomerangs (ally target)
The roots erupt in riotous growth!
Roots grab the merfolk.
The grasping roots constrict the merfolk.
The merfolk completely misses you.
You cannot move away from the merfolk siren!
Aiming: Paralyse
Press: ? - help, Shift-Dir - straight line, f/p - merfolk
Aim: a merfolk, wielding a +0 trident and quivering boomerangs (lightly wounded, constricted by roots, ally target, chance to affect: 31%)
The merfolk easily resists.
The grasping roots constrict the merfolk.
The roots release their grip on the merfolk.
The merfolk siren chants its luring song.
The merfolk hits you from afar with a +0 trident!
You die...

.## #### ... # #..°###
...
##..#>#@.###.#######
...~mmSS...#..#...P#
.~~~###○~~.#........
~. #.###.)......>.
#..####....### ###
#...##...### #P####
##....##..#
#...P###....#....###
#.....................


You could see a merfolk (ally target), a merfolk siren (mesmerising) and 2
friendly water moccasins.

Vanquished Creatures
  3 two-headed ogres
  2 boulder beetles
  The ghost of MrSquiggles the Carver, a novice MiMo of Okawaru (D:6)
  A skeletal warrior (D:14)
  A lindwurm (D:14)
  A deep elf pyromancer (D:13)
  Joseph (D:10)
  An elephant (D:11)
  4 cane toads (Lair:1)
  Psyche (D:10)
  An unseen horror (D:11)
  A rime drake (Lair:2)
  A komodo dragon (D:10)
  2 merfolk (Lair:2)
  8 trolls
  A blink frog (Lair:1)
  Grinder (D:4)
  A spriggan (shapeshifter) (D:14)
  A shadow (D:9)
  3 wraiths
  16 yaks
  A vampire (D:13)
  Eustachio (D:5)
  3 wyverns
  5 basilisks
  7 vampire mosquitoes
  An acid dragon (D:13)
  Duvessa (D:6)
  5 water moccasins
  9 orc warriors
  A sky beast (D:7)
  4 ice beasts
  6 wolves (Lair:1)
  5 ogres (D:6)
  7 centaurs
  A phantom (D:5)
  3 bullfrogs
  A necrophage (D:4)
  4 scorpions
  19 wights
  Dowan (D:6)
  3 killer bees (D:9)
  A howler monkey (D:12)
  A crimson imp (D:7)
  A jelly (D:5)
  12 orc priests
  5 hounds
  2 gnoll boudas (D:4)
  17 orc wizards
  Ijyb (D:3)
  An iguana (D:5)
  Robin (D:3)
  26 gnolls
  11 adders
  3 worms (D:4)
  2 dart slugs
  58 orcs
  5 ball pythons
  10 bats
  3 endoplasms
  3 giant cockroaches
  36 goblins
  26 hobgoblins
  11 jackals
  8 kobolds
  5 quokkas
  3 training dummies (D:7)
  4 frilled lizards
  3 rats
399 creatures vanquished.

Vanquished Creatures (others)
  A centaur (D:11)
  2 fungi
  7 plants
10 creatures vanquished.

Grand Total: 409 creatures vanquished

Notes
Turn   | Place    | Note
-------+----------+-------------------------------------------
     0 | D:1      | Leeroy the Vine Stalker Warper began the quest for the Orb.
     0 | D:1      | Reached XP level 1. HP: 11/11 MP: 4/4
    64 | D:1      | Reached skill level 2 in Long Blades
   282 | D:1      | Reached skill level 1 in Armour
   373 | D:1      | Reached XP level 2. HP: 15/15 MP: 6/6
   467 | D:1      | Learned a level 2 spell: Blink
  1083 | D:2      | Reached XP level 3. HP: 18/18 MP: 7/7
  1615 | D:3      | Gained mutation: Your natural rate of healing is unusually
                  | fast. [Vine Stalker growth]
  1615 | D:3      | Reached XP level 4. HP: 23/23 MP: 8/8
  1631 | D:3      | Noticed Ijyb
  1631 | D:3      | Noticed Robin
  1644 | D:3      | Paralysed by something for 4 turns
  1690 | D:3      | Killed Ijyb
  1702 | D:3      | Killed Robin
  2034 | D:3      | Learned a level 3 spell: Vhi's Electric Charge
  2063 | D:3      | Reached XP level 5. HP: 24/26 MP: 7/9
  2253 | D:3      | Reached skill level 3 in Long Blades
  2337 | D:3      | Reached XP level 6. HP: 30/30 MP: 8/10
  2445 | D:3      | Reached skill level 4 in Long Blades
  2526 | D:3      | Gained mutation: Your flesh is cold resistant. (rC+)
                  | [potion of mutation]
  2526 | D:3      | Gained mutation: You are weak. (Str -2) [potion of
                  | mutation]
  2526 | D:3      | Gained mutation: You have large cloven feet. [potion of
                  | mutation]
  2862 | D:3      | Learned a level 4 spell: Manifold Assault
  2981 | D:4      | Reached skill level 5 in Long Blades
  2997 | D:4      | Reached XP level 7. HP: 34/34 MP: 11/11
  3046 | D:4      | Noticed Grinder
  3063 | D:4      | Paralysed by Grinder for 2 turns
  3073 | D:4      | Killed Grinder
  3074 | D:4      | Reached skill level 6 in Long Blades
  3101 | D:4      | Found Qug Emat's Antique Armour Shoppe.
  3104 | D:4      | Found a sacrificial altar of Ru.
  3417 | D:4      | Found a glowing silver altar of Zin.
  3659 | D:5      | Entered Level 5 of the Dungeon
  3667 | D:5      | Reached skill level 7 in Long Blades
  3667 | D:5      | Gained mutation: You have razor-sharp teeth. [Vine Stalker
                  | growth]
  3667 | D:5      | Reached XP level 8. HP: 38/38 MP: 12/12
  3776 | D:5      | Identified the ring "Qomanwenn" {Fly Dex+8}
  4006 | D:5      | Reached skill level 8 in Long Blades
  4488 | D:5      | Found Ulablel's General Store.
  4522 | D:5      | Found a shimmering blue altar of Sif Muna.
  4522 | D:5      | Noticed Eustachio
  4539 | D:5      | Killed Eustachio
  4611 | D:5      | Reached skill level 9 in Long Blades
  4984 | D:6      | Noticed Duvessa
  4984 | D:6      | Noticed Dowan
  5002 | D:5      | Reached XP level 9. HP: 41/42 MP: 10/13
  5049 | D:6      | Reached skill level 10 in Long Blades
  5085 | D:6      | Noticed MrSquiggles's ghost (novice MiMo)
  5087 | D:6      | Found a transporter.
  5089 | D:6      | Identified the +4 great mace "Ikeasoo" {spect, Dex+6}
  5091 | D:6      | Found a transporter.
  5259 | D:6      | Found the +6 shillelagh "Devastator" {shatter}
  5302 | D:6      | Killed Duvessa
  5302 | D:6      | Killed Dowan
  5303 | D:6      | Reached skill level 11 in Long Blades
  5492 | D:7      | Found a staircase to the Ecumenical Temple.
  5512 | Temple   | Entered the Ecumenical Temple
  5638 | Temple   | Became a worshipper of the Wu Jian Council
  5718 | D:7      | Found Bueletah's Firing Range.
  5860 | D:7      | Found a shadowy altar of Dithmenos.
  6126 | D:7      | Found a burning altar of Makhleb.
  6266 | D:8      | Found a broken altar of Ashenzari.
  6274 | D:8      | Found a hide-covered altar of Uskayaw.
  6468 | D:8      | Reached XP level 10. HP: 35/51 MP: 11/14
  6664 | D:8      | Reached skill level 5 in Fighting
  7356 | D:9      | Reached * piety under Wu Jian
  7360 | D:9      | Found a glowing golden altar of the Shining One.
  7362 | D:9      | Found a blossoming altar of Fedhas.
  7441 | D:9      | Noticed a two-headed ogre
  7449 | D:9      | Killed a two-headed ogre
  7828 | D:9      | Identified the +4 hand axe of Ointment {speed, Int+5 Dex-5
                  | SInv}
  7866 | D:9      | Found a basalt altar of Yredelemnul.
  8188 | D:10     | Entered Level 10 of the Dungeon
  8373 | D:10     | Reached skill level 1 in Summonings
  8375 | D:10     | Reached ** piety under Wu Jian
  8376 | D:10     | Reached skill level 1 in Staves
  8410 | D:10     | Noticed Joseph
  8423 | D:10     | Killed Joseph
  8424 | D:10     | Reached skill level 1 in Axes
  8424 | D:10     | Reached skill level 1 in Conjurations
  8424 | D:10     | Reached skill level 1 in Hexes
  8424 | D:10     | Reached skill level 1 in Necromancy
  8424 | D:10     | Reached skill level 1 in Transmutations
  8424 | D:10     | Reached skill level 1 in Fire Magic
  8424 | D:10     | Reached skill level 1 in Ice Magic
  8424 | D:10     | Reached skill level 1 in Earth Magic
  8424 | D:10     | Reached skill level 1 in Poison Magic
  8477 | D:10     | Noticed Psyche
  8485 | D:10     | Killed Psyche
  8486 | D:10     | Reached skill level 1 in Polearms
  8486 | D:10     | Reached skill level 1 in Ranged Weapons
  8486 | D:10     | Reached skill level 1 in Invocations
  8730 | D:10     | Reached XP level 11. HP: 58/58 MP: 13/16
  9427 | D:11     | Found a staircase to the Lair.
  9508 | D:11     | Reached skill level 5 in Dodging
  9538 | D:11     | Reached *** piety under Wu Jian
  9552 | D:11     | Found a staircase to the Orcish Mines.
  9789 | D:11     | Reached skill level 12 in Long Blades
  9837 | D:11     | Identified the +5 leather armour of the Evening Star
                  | {rElec}
 10100 | D:11     | Found a runed translucent gate.
 10100 | D:11     | Found a runed translucent gate.
 10100 | D:11     | Found a runed translucent gate.
 10101 | D:11     | Noticed a ten-headed hydra
 10102 | D:11     | Noticed SirDiesAlot's ghost (journeyman DsFE)
 10115 | D:11     | Reached **** piety under Wu Jian
 10343 | D:12     | Noticed a boulder beetle
 10409 | D:12     | Noticed Deirea's ghost (journeyman HOFE)
 10483 | D:12     | Noticed a two-headed ogre
 10490 | D:12     | Killed a two-headed ogre
 10533 | D:12     | Reached skill level 5 in Spellcasting
 10533 | D:12     | Reached XP level 12. HP: 53/63 MP: 16/20
 10619 | D:12     | Identified the +1 scale mail of the Gate {Regen+ Int-2
                  | Dex+4}
 10709 | D:12     | Killed a boulder beetle
 10982 | D:12     | Found a runed translucent door.
 11609 | D:13     | Found Uponydicek's Assorted Antiques.
 11614 | D:13     | Bought a scorched long sword for 323 gold pieces
 11614 | D:13     | Identified the +1 long sword of the Salmon {elec, rPois rF+
                  | rN+ Will+} (You bought it in a shop on level 13 of the
                  | Dungeon)
 11658 | D:13     | Noticed a boulder beetle
 11666 | D:13     | Killed a boulder beetle
 11745 | D:13     | Found a runed translucent gate.
 11746 | D:13     | Found a runed translucent gate.
 11746 | D:13     | Found a runed translucent gate.
 11768 | D:13     | Noticed Ullur's ghost (journeyman DsGl)
 12295 | D:14     | Noticed a two-headed ogre
 12310 | D:14     | Killed a two-headed ogre
 12319 | D:14     | Noticed an iron troll
 12461 | D:11     | Learned a level 2 spell: Wereblood
 12465 | Lair:1   | Entered Level 1 of the Lair of Beasts
 12665 | Lair:1   | Found a runed translucent gate.
 12670 | Lair:1   | Learned a level 3 spell: Swiftness
 12670 | Lair:1   | Found a runed translucent gate.
 12670 | Lair:1   | Noticed Vohupaw's ghost (journeyman DrAE)
 12671 | Lair:1   | Found a runed translucent gate.
 12671 | Lair:1   | Noticed a six-headed hydra
 12776 | Lair:1   | Reached skill level 10 in Spellcasting
 13445 | D:6      | Killed MrSquiggles's ghost
 13676 | Lair:2   | Found a staircase to the Shoals.
 13682 | Lair:2   | Reached XP level 13. HP: 62/67 MP: 26/29
 13692 | Lair:2   | Slain by a merfolk

Illustrated notes

Levels and vault maps discovered:
D:1:      wheals_arrival_linesprint, layout_rooms
D:2:      layout_loops_cross, nicolae_elevator_lobby_plus
D:3:      minmay_goblin_kobold_castle, layout_basic,
          wad_floor_pattern_untrapped, minmay_liquid_box, serial_bayou_pond_d,
          nicolae_goblin_pals
D:4:      layout_basic, nicolae_ru_great_annihilating_truth, marbit_many_paths,
          serial_shops, nicolae_shop_waterfront, grunt_ministairs_10,
          uniq_grinder
D:5:      layout_layer_cave, led_sif_pool, serial_shops, shop, uniq_eustachio
D:6:      layout_cave_pools, gammafunk_ghost_smash,
          dilly_guarded_unrand_devastator, uniq_duvessa
D:7:      layout_rooms, makhleb_grotto_becter, nicolae_dithmenos_shadow_blocks,
          minmay_temple_entry_large_hall, minmay_splitting_lines,
          nicolae_shop_firing_range
D:8:      layout_layer_cave, mainiacjoe_overflow_large_starburst
D:9:      layout_loops_ring, mainiacjoe_overflow_six_doors_small,
          nicolae_overflow_squiral
D:10:     layout_stronghold, uniq_psyche, uniq_joseph
D:11:     layout_irregular_city, david_lair_generic, hiddenorc2_lemuel,
          gammafunk_ghost_hydra_chop
D:12:     layout_stronghold, hellmonk_ghost_big_iron, minivault_11,
          kennysheep_generic_room_3
D:13:     layout_rooms, gammafunk_ghost_spectres, serial_shops,
          nicolae_shop_hallway_plus, chequers_serial_rivers_micro_c
D:14:     layout_basic, david_vaults_4, xom_teletrap_fun, minivault_5
Temple:   nicolae_temple_godzebo
Lair:1:   beast_lair_carwin_large_2, layout_gridlike, gammafunk_ghost_split,
          serial_bayou_pond_b
Lair:2:   layout_small_grid, elwin_shoals_entry_stream

Skill      XL: |  1  2  3  4  5  6  7  8  9 10 11 12 |
---------------+-------------------------------------+-----
Long Blades    | 2 3 5 7 9 11 12 | 12.4
Armour         | 1 2 3 |  3.5
Fighting       | 4 7 |  7.2
Summonings     | 1 |  1.4
Staves         | 1 |  1.3
Axes           | 1 |  1.2
Conjurations   | 1 |  1.3
Hexes          | 1 |  1.4
Necromancy     | 1 |  1.2
Transmutations | 1 |  1.2
Fire Magic     | 1 |  1.3
Ice Magic      | 1 |  1.2
Earth Magic    | 1 |  1.2
Poison Magic   | 1 |  1.4
Polearms       | 1 |  1.1
Ranged Weapons | 1 |  1.1
Invocations    | 1 |  1.2
Spellcasting   | 5 11 | 11.5
Dodging        | 5 |  5.4
Throwing       | |  0.8
Translocations | |  3.0

Action                     |  1- 3 |  4- 6 |  7- 9 | 10-12 | 13-15 || total
---------------------------+-------+-------+-------+-------+-------++-------
  Melee: Falchion          |    15 |       |       |       |       ||    15
         Long sword        |    92 |   268 |   216 |       |       ||   576
         Bite              |    18 |    63 |    89 |   193 |       ||   363
         Kick              |       |     9 |    66 |       |       ||    75
         Shillelagh        |       |       |    51 |     6 |       ||    57
         Scimitar          |       |       |       |   211 |       ||   211
         Great sword       |       |       |       |   301 |     5 ||   306
  Throw: Dart              |       |       |     2 |     2 |       ||     4
   Cast: Vhi's Electric Ch |       |       |       |     1 |       ||     1
 Invoke: Serpent's Lash    |       |       |       |     2 |     1 ||     3
Ability: Lunge             |       |       |     2 |    38 |       ||    40
         Whirlwind         |       |       |       |    28 |       ||    28
         Wall Jump         |       |       |       |     2 |     1 ||     3
  Evoke: Wand              |       |       |       |     6 |     2 ||     8
    Use: Scroll            |       |     1 |       |    11 |     1 ||    13
         Potion            |       |     2 |       |     3 |       ||     5
   Stab: Paralysed         |       |       |     1 |       |       ||     1
         Sleeping          |       |       |       |     4 |       ||     4
         Distracted        |       |       |       |     1 |       ||     1
 Armour: Leather armour    |     2 |       |       |       |       ||     2
         Plate armour      |    53 |   185 |   109 |    47 |       ||   394
         Troll leather arm |       |       |       |    57 |       ||    57
         Robe              |       |       |       |     6 |       ||     6
  Dodge: Dodged            |    45 |   129 |    80 |   365 |     7 ||   626
  Block: Buckler           |    33 |   173 |   155 |    49 |       ||   410
         Reflection        |     8 |     7 |     4 |     7 |       ||    26
         Other             |       |       |       |    52 |       ||    52

Table legend: (Time is in decaauts)
 A = Elapsed time spent in this place.
 B = Non-inter-level travel time spent in this place.
 C = Inter-level travel time spent in this place.
 D = Time resting spent in this place.
 E = Time spent auto-exploring this place.
 F = Levels seen in this place.
 G = Mean time per level.
                   A        B        C        D        E       F      G
               +--------+--------+--------+--------+--------+-----+--------+
         Total |  13843 |  13077 |    766 |    275 |   9771 |  17 |  814.3 |
       Dungeon |  12700 |  12055 |    645 |    275 |   8971 |  14 |  907.1 |
        Temple |    151 |    108 |     43 |      0 |    100 |   1 |  151.0 |
          Lair |    991 |    913 |     78 |      0 |    700 |   2 |  495.5 |
               +--------+--------+--------+--------+--------+-----+--------+

Top non-repeatable levels by time:
     D:3: 1531 daAuts
     D:5: 1324 daAuts
    D:11: 1198 daAuts
    D:12: 1137 daAuts
     D:8: 1084 daAuts
    D:10: 1037 daAuts
     D:9: 877 daAuts
  Lair:1: 858 daAuts
     D:4: 849 daAuts
    D:13: 761 daAuts
     D:2: 728 daAuts
     D:1: 713 daAuts
     D:7: 672 daAuts
     D:6: 545 daAuts
    D:14: 238 daAuts
